 Dungeon Crawl Stone Soup version 0.22-a0-305-gd21a89c (webtiles) character file.

665 mortelune the Grave Robber (level 7, -1/63 HPs)
             Began as a Deep Dwarf Necromancer on Mar 31, 2018.
             Slain by an orc warrior
             ... wielding a +0 flail
              (15 damage)
             ... on level 6 of the Dungeon.
             The game lasted 00:19:14 (6949 turns).

mortelune the Grave Robber (Deep Dwarf Necromancer) Turns: 6949, Time: 00:19:15

Health: -1/63      AC:  3    Str: 11      XL:     7   Next: 31%
Magic:  2/13       EV: 12    Int: 18      God:
Gold:   243        SH:  0    Dex: 11 (13) Spells: 5/14 levels left

rFire    + . .     SeeInvis .   o - +2 long sword (flame)
rCold    . . .     Gourm    .   (no shield)
rNeg     . . .     Faith    .   a - +0 robe
rPois    .         Spirit   .   (no helmet)
rElec    .         Reflect  .   (no cloak)
rCorr    .         Harm     .   i - +0 pair of gloves
MR       +....                  (no boots)
Stlth    ++........             n - amulet of rage
HPRegen  0.00/turn              j - ring of fire
MPRegen  0.13/turn              v - ring of protection from cold

@: non-regenerating
A: damage resistance, heal wounds, sense surroundings 1, no regeneration
a: Heal Wounds, Evoke Berserk Rage


You were on level 6 of the Dungeon.
You were not hungry.

You visited 1 branch of the dungeon, and saw 6 of its levels.

You collected 243 gold pieces.

Inventory:

Hand Weapons
 f - a +0 dagger
 l - a +0 short sword
 o - a +2 long sword of flaming (weapon)
Armour
 a - a +0 robe (worn)
 i - a +0 pair of gloves (worn)
 x - the cursed +0 ring mail "Wuduh" {rPois rC+ rCorr, unknown}
   (You found it on level 6 of the Dungeon)

   It protects you from cold.
   It protects you from poison.
   It protects you from acid and corrosion.
   It has a curse placed upon it.
Jewellery
 j - a ring of fire (left hand)
 n - an amulet of rage (around neck)
 u - a +3 ring of protection {unknown}
 v - a ring of protection from cold (right hand)
 y - a cursed -2 ring of strength {unknown}
Scrolls
 d - a scroll of fog {unknown}
 e - a scroll of amnesia {unknown}
 p - a scroll of teleportation {unknown}
 r - a scroll of magic mapping {unknown}
 w - a scroll of immolation {unknown}
 z - a scroll of remove curse {unknown}
Potions
 b - 2 potions of magic
 g - 2 potions of might {unknown}
 h - 2 potions of curing
 k - 3 potions of flight
 m - a potion of berserk rage {unknown}
 q - a potion of lignification {unknown}
 s - a potion of cancellation {unknown}
 t - 3 potions of heal wounds {unknown}
Comestibles
 c - 4 rations


   Skills:
 + Level 3.9 Fighting
 - Level 2.1 Dodging
 - Level 2.4 Stealth
 + Level 4.2 Spellcasting
 + Level 6.7 Necromancy


You had 5 spell levels left.
You knew the following spells:

 Your Spells              Type           Power        Failure   Level  Hunger
a - Pain                  Necr           ####         1%          1    None
b - Animate Skeleton      Necr           N/A          1%          1    None
c - Vampiric Draining     Necr           ####......   2%          3    ###....
d - Animate Dead          Necr           N/A          9%          4    ####...


Dungeon Overview and Level Annotations

Branches:
Dungeon (6/15)
 Temple: D:4-7

Altars:
Ashenzari
Qazlal
Sif Muna
Trog
Wu Jian
Xom

Shops:
D:6 (


Innate Abilities, Weirdness & Mutations

You are resistant to damage.
You can heal yourself by infusing magical energy.
You passively map a small area around you.
You do not regenerate.


Message History

Press: ? - help, Shift-Dir - straight line, f - orc warrior
Aim: an orc warrior, wielding a flail and wearing a plate armour (lightly wounded, chance to defeat MR: 84%)
The orc warrior writhes in agony!
Your adder zombie bites the orc warrior but does no damage.
Your adder zombie barely misses the orc warrior.
Your adder zombie bites the orc warrior but does no damage.
The orc warrior barely misses you.
You riposte.
You hit the orc warrior but do no damage.
The orc warrior is lightly wounded.
Your adder zombie barely misses the orc warrior.
Casting: Pain (safe; 1% risk of failure)
Confirm with . or Enter, or press ? or * to list all spells.
Aiming: Vampiric Draining (safe; 2% risk of failure)
Press: ? - help, Shift-Dir - straight line, f/p - orc warrior
Aim: an orc warrior, wielding a flail and wearing a plate armour (lightly wounded)
The orc warrior is moderately wounded.
You feel life coursing into your body.
Your adder zombie bites the orc warrior but does no damage.
The orc warrior hits you with a flail!!
You die...

#.#
#.###......####..#
#.#
#..#>...........##
#.#
#.#.#.#.#######.#
#.# #.###.#.# #.#
#.# #.###.#.# #.#
#.#######.......#
#.#
#..........##.###
#.#
#########..##.######
#.# #..@.........#
#.# #<#o.##.####.#
#.# #.#Z.##.#
#.####.#
#.#..##.####......#
#.#..##.........###
#.#..#######.##.#
#.#..........##.#
#............##.####
####.#######........


You could see an orc warrior and a friendly adder zombie.

Vanquished Creatures
  A scorpion (D:4)
  A crimson imp (D:4)
  A quasit (D:5)
  A hound (D:5)
  A gnoll shaman (D:4)
  An orc priest (D:3)
  5 orc wizards
  2 worker ants
  A hound zombie (D:6)
  A howler monkey zombie (D:5)
  3 gnolls
  5 adders
  A shadow imp (D:5)
  5 worms
  2 dart slugs
  6 leopard geckos
  7 orcs
  A ball python (D:4)
  A giant cockroach (D:2)
  4 goblins
  4 hobgoblins
  10 jackals
  8 kobolds
  3 quokkas
  3 bats
  2 frilled lizards (D:1)
  A leopard gecko zombie (D:6)
  4 rats
85 creatures vanquished.

Vanquished Creatures (collateral kills)
  A howler monkey (D:4)
  2 gnolls (D:4)
  An adder (D:3)
  A leopard gecko (D:4)
  A quokka (D:4)
6 creatures vanquished.

Grand Total: 91 creatures vanquished

Notes
Turn   | Place    | Note
-------+----------+-------------------------------------------
     0 | D:1      | mortelune the Deep Dwarf Necromancer began the quest for the Orb.
     0 | D:1      | Reached XP level 1. HP: 15/15 MP: 3/3
     6 | D:1      | Learned a level 1 spell: Animate Skeleton
   324 | D:1      | Reached XP level 2. HP: 19/24 MP: 0/5
   462 | D:1      | Reached skill level 1 in Fighting
   714 | D:2      | Found a deep blue altar of Sif Muna.
   873 | D:2      | Found a stormy altar of Qazlal.
   990 | D:2      | Reached XP level 3. HP: 18/31 MP: 0/6
   995 | D:2      | Learned a level 3 spell: Vampiric Draining
  2112 | D:2      | Reached skill level 5 in Necromancy
  2304 | D:2      | Reached XP level 4. HP: 31/39 MP: 0/7
  3256 | D:3      | Found a shimmering altar of Xom.
  3919 | D:3      | Reached XP level 5. HP: 28/45 MP: 4/9
  3970 | D:3      | Learned a level 4 spell: Animate Dead
  4441 | D:4      | Reached XP level 6. HP: 44/55 MP: 0/11
  4641 | D:4      | Reached skill level 6 in Necromancy
  5182 | D:4      | Found a shattered altar of Ashenzari.
  5240 | D:4      | Found an ornate altar of the Wu Jian Council.
  5329 | D:5      | Entered Level 5 of the Dungeon
  5837 | D:5      | Reached XP level 7. HP: 43/62 MP: 12/12
  6125 | D:5      | Found a bloodstained altar of Trog.
  6394 | D:6      | Found Taax's Weapon Emporium.
  6697 | D:6      | Got a shimmering ring mail
  6745 | D:6      | Noticed a hippogriff
  6949 | D:6      | Slain by an orc warrior

Vault maps used:
D:1:      dpeg_arrival_three_same_balls
D:2:      lemuel_round_altar, nicolae_qazlal_general_emergency, st_stairs_10
D:3:      xom_teletrap_fun
D:4:      lemuel_coloured_pillars_altar, lemuel_crystal_altar, first_ration
D:5:      marbit_many_paths, minmay_misc_feat_columns,
          kennysheep_generic_room_15
D:6:      serial_shops, shop

Skill      XL: |  1  2  3  4  5  6  7 |
---------------+----------------------+-----
Spellcasting   | 2 3 4 |  4.2
Fighting       | 1 2 3 |  3.9
Necromancy     | 5 6 |  6.7
Dodging        | |  2.1
Stealth        | |  2.4

Action                   |  1- 3 |  4- 6 |  7- 9 || total
-------------------------+-------+-------+-------++-------
Melee: Dagger            |    35 |       |       ||    35
       Short sword       |    38 |    18 |       ||    56
       Long sword        |       |    21 |    23 ||    44
 Cast: Pain              |    58 |    53 |     7 ||   118
       Animate Skeleton  |     4 |     4 |       ||     8
       Vampiric Draining |    17 |    27 |    14 ||    58
       Animate Dead      |       |     4 |     1 ||     5
  Use: Scroll            |     3 |     2 |     1 ||     6
       Potion            |       |     1 |       ||     1
  Eat: Chunk             |     7 |    10 |       ||    17
       Ration            |       |     1 |     2 ||     3
Armor: Robe              |    16 |    18 |    31 ||    65
Dodge: Dodged            |    60 |    67 |    49 ||   176
       Rpst.: Long sword |       |     5 |     7 ||    12

Table legend:
 A = Spawn XP
 B = Non-spawn XP
 C = Spawn XP percentage of total XP
 D = Spawn monster count
 E = Non-spawn monster count
 F = Spawn count percentage of total count
 G = Total turns spent on level
                    A         B        C        D         E        F      G
               +---------+---------+-------+---------+---------+-------+---------
         Total |       0 |     951 |   0.0 |       0 |      91 |   0.0 |  6949
               +---------+---------+-------+---------+---------+-------+---------
           D:1 |       0 |      30 |   0.0 |       0 |      15 |   0.0 |   713
           D:2 |       0 |      78 |   0.0 |       0 |      29 |   0.0 |  2146
           D:3 |       0 |     190 |   0.0 |       0 |      13 |   0.0 |  1623
           D:4 |       0 |     396 |   0.0 |       0 |      20 |   0.0 |   863
           D:5 |       0 |     133 |   0.0 |       0 |       6 |   0.0 |  1079
           D:6 |       0 |     124 |   0.0 |       0 |       8 |   0.0 |   525
               +---------+---------+-------+---------+---------+-------+---------
